cohdb
Replays
Latest Replays
All Replays
Popular Replays
Top Player Replays
Match Explorer
How It Works
Community
CoH3 Stats
Reddit
Sign in to upload your games and track your stats! →
Sign in with Steam
Match 43407963
Unlisted
Match 43407963
Overview
Messages
Build Orders
End
Scout Squad
Construct Barracks
Selects Armored Battlegroup
Riflemen Squad
1⁄4-ton 4x4 Truck
Riflemen Squad
Selects Veteran Crews
Infantry Support Center
M1 Mortar Team
Construct Motor Pool
M1 Anti-tank Gun Team
M8 Greyhound Armored Car
Selects Strength in Steel
Riflemen Squad
Construct Medical Station
Engineer Squad
Grenade Package
M24 Chaffee Light Tank
Selects M8 Scott SPG
Selects UNKNOWN (2160077)
M24 Chaffee Light Tank
Riflemen Squad
Selects M31 Recovery Vehicle
Selects War Machine
M8 Scott SPG
Engineer Squad
M1 Anti-tank Gun Team
woof_raff
ChilenoCesante
0
0
Comments
sign in to comment!
No comments posted yet!